 Dungeon Sprint DCSS version 0.30-a0-123-g91d0c66ccf (webtiles) character file.

Game seed: 11116895994968115661

1880 mhtbhm the Earth Mage (level 9, -14/51 HPs)
             Began as a Gargoyle Earth Elementalist on Sept 18, 2022.
             Was a Priest of Vehumet.
             Shot with an arrow by a centaur warrior (21 damage)
             ... in the Dungeon (Sprint III: "The Ten Rune Challenge").
             The game lasted 00:03:42 (1267 turns).

mhtbhm the Earth Mage (Gargoyle Earth Elementalist) Turns: 1267, Time: 00:03:42

Health: -14/51     AC:  8    Str: 12    XL:     9   Next: 14%
Magic:  21/25      EV: 13    Int: 18    God:    Vehumet [***...]
Gold:   15         SH:  0    Dex: 10    Spells: 18/32 levels left

rFire   . . .      SeeInvis .    (no weapon)
rCold   . . .      Faith    .    (no shield)
rNeg    + . .      Spirit   .    a - +0 robe
rPois   ∞          Reflect  .    (no helmet)
rElec   +          Harm     .    (no cloak)
rCorr   .          Rampage  .    (no gloves)
Will    .....      NoTele   +    (no boots)
Stlth   +++.......               (no amulet)
HPRegen 0.97/turn                (no ring)
MPRegen 0.19/turn                (no ring)

@: no status effects
A: sickness immunity, AC +6, negative energy resistance 1, electricity
resistance, torment resistance 1, petrification resistance, dopey 1, sense
surroundings 1, regeneration 1, wild magic 1
a: Renounce Religion


You were in the Dungeon.
You worshipped Vehumet.
Vehumet was most pleased with you.
You visited 1 branch You collected 15 gold pieces.

Inventory:

Armour
 a - a +0 robe (worn)
Wands
 n - a wand of light (7)
Scrolls
 d - a scroll of poison {unknown}
 e - a scroll of torment {unknown}
 g - a scroll of blinking
 j - a scroll of immolation {unknown}
 k - a scroll of identify {unknown}
Potions
 b - 2 potions of magic
 c - a potion of curing
 f - 2 potions of berserk rage
 h - a potion of cancellation {unknown}
 i - a potion of haste
 l - 2 potions of flight
 m - a potion of mutation
 o - 2 potions of heal wounds
Miscellaneous
 p - a piece from Xom's chessboard (15/15)


   Skills:
 + Level 3.6 Fighting
 + Level 4.3 Dodging
 + Level 5.4 Stealth
 + Level 12.3 Spellcasting
 + Level 2.3 Conjurations
 + Level 1.6 Transmutations
 + Level 15.5 Earth Magic


You had 18 spell levels left.
You knew the following spells:

 Your Spells              Type           Power      Damage    Failure   Level
a - Sandblast             Erth           100%       2d20      1%          1
b - Passwall              Tmut/Erth      44%        N/A       1%          2
c - Stone Arrow           Conj/Erth      100%       3d13      1%          3
d - Petrify               Tmut/Erth      53%        N/A       3%          4
e - Foxfire               Conj/Fire      76%        2x1d7     1%          1
f - Inner Flame           Hex/Fire       14%        N/A       7%          3

Your spell library contained the following spells:

 Spells                   Type           Power      Damage    Failure   Level
 Ensorcelled Hibernation  Hex/Ice        28%        N/A       14%         2
 Spider Form              Tmut/Pois      18%        N/A       21%         3
 Swiftness                Air            14%        N/A       26%         3
 Anguish                  Hex/Necr       7%         N/A       63%         4


Dungeon Overview and Level Annotations

Branches:
Dungeon (1/1)

Altars:
Cheibriados
Dithmenos
Elyvilon
Fedhas
Gozag
Hepliaklqana
Kikubaaqudgha
Makhleb
Nemelex Xobeh
Okawaru
Qazlal
Ru
Sif Muna
Trog
Uskayaw
Vehumet
Wu Jian
Xom
Yredelemnul
Zin
The Shining One
Jiyva
Lugonu


Innate Abilities, Weirdness & Mutations

You are immune to sickness and miasma.
Your stone body is resilient. (AC +6)
You are immune to poison.
You resist negative energy. (rN+)
You are resistant to electric shocks. (rElec)
You are resistant to unholy torment.
You are immune to petrification.
You are dopey. (Int -2)
You passively map a small area around you.
Your natural rate of healing is unusually fast.
Your spells are a little harder to cast, but a little more powerful.


Message History

The centaur warrior is lightly wounded.
The centaur shoots an arrow.
The arrow hits you.
Unknown command.
Casting: Sandblast (safe; 1% risk of failure)
Confirm with . or Enter, or press ? or * to list all spells.
Aiming: Sandblast (safe; 1% risk of failure)
Press: ? - help, Shift-Dir - straight line, f/p - centaur
Aim: a centaur, wielding a +0 shortbow (inner flame, 91% to hit)
The blast of sand hits the centaur!
Flame seeps out of the centaur.
The centaur is severely wounded.
The centaur warrior barely misses you.
The centaur warrior kicks you but does no damage.
The centaur is engulfed in blazing flames.
Flame seeps out of the centaur.
The centaur warrior hits you!
The centaur warrior kicks you but does no damage.
The centaur unwields a +0 shortbow.
The centaur completely misses you.
The centaur kicks you but does no damage.
The centaur warrior misses you.
The centaur warrior kicks you but does no damage.
The centaur warrior attacks as you move away!
The centaur warrior hits you. The centaur warrior barely misses you.
The centaur wields a +0 shortbow.
The centaur shoots an arrow.
The arrow hits you!
The centaur warrior wields a +0 longbow.
The centaur warrior shoots an arrow.
The arrow hits you!!
* * * LOW HITPOINT WARNING * * *
Casting: Sandblast (safe; 1% risk of failure)
Confirm with . or Enter, or press ? or * to list all spells.
Aiming: Sandblast (safe; 1% risk of failure)
Press: ? - help, Shift-Dir - straight line, f/p - centaur
Aim: a centaur, wielding a +0 shortbow (almost dead, inner flame, 91% to hit)
The blast of sand hits the centaur!!
Vehumet accepts your kill.
You feel your power returning.
The centaur explodes!
The fiery explosion engulfs the centaur warrior!!!
The centaur warrior is almost dead.
The centaur warrior is engulfed in blazing flames.
The centaur warrior shoots an arrow.
The arrow hits you!!
You die...

#__)#._# ,,, , *
#†###)## , , * ~
.......# , ,* *
.......# , ######'# * *
* * *
#__#...#+#############*
**
#__#...#..§§§'.#c§...+,
#__#...#.#§§§#.#§#...#
,
#__#...'.#.§.#.#@#cc.#
*
#__'...#.#...#...#c..#
▓▓▓▓▓▓▓▓▓▓▓▓▓▓▓▓▓▓▓▓▓#,
, ,, , ** , , ~ ~ ~ , *
** * * * * * * * * * ,
*


You could see a centaur warrior.

Vanquished Creatures
  Erica (D)
  A deep elf pyromancer (D)
  A shadow (D)
  A spatial vortex (D)
  A centaur (D)
  An earth elemental (D)
  A necrophage (D)
  A water elemental (D)
  A scorpion (D)
  A jelly (D)
  A wizard (D)
  A necromancer (D)
  3 humans (D)
  A kobold demonologist (D)
  An endoplasm (D)
  3 rats (D)
20 creatures vanquished.

Vanquished Creatures (others)
  4 foxfires (D)
4 creatures vanquished.

Grand Total: 24 creatures vanquished

Notes
Turn   | Place    | Note
-------+----------+-------------------------------------------
     0 | D        | mhtbhm the Gargoyle Earth Elementalist began the quest for
                  | the Orb.
     0 | D        | Reached XP level 1. HP: 10/10 MP: 3/3
     9 | D        | Reached skill level 4 in Earth Magic
    97 | D        | Noticed a scorpion
   196 | D        | Reached skill level 5 in Earth Magic
   196 | D        | Reached XP level 2. HP: 4/15 MP: 0/6
   418 | D        | Learned a level 2 spell: Passwall
   461 | D        | Gained mutation: You are agile. (Dex +4, Str/Int -1)
                  | [potion of mutation]
   461 | D        | Gained mutation: You are covered in fur. (AC +1) [potion of
                  | mutation]
   461 | D        | Gained mutation: You expend magic power (3 MP) to
                  | strengthen your wands. [potion of mutation]
   464 | D        | Lost mutation: You are covered in fur. (AC +1) [potion of
                  | mutation]
   464 | D        | Lost mutation: You expend magic power (3 MP) to strengthen
                  | your wands. [potion of mutation]
   464 | D        | Lost mutation: You are agile. (Dex +4, Str/Int -1) [potion
                  | of mutation]
   464 | D        | Gained mutation: You have a pair of small horns on your
                  | head. [potion of mutation]
   464 | D        | Gained mutation: You have a pair of horns on your head.
                  | [potion of mutation]
   464 | D        | Gained mutation: Your body sometimes deteriorates upon
                  | taking damage. [potion of mutation]
   465 | D        | Lost mutation: You have a pair of horns on your head.
                  | [potion of mutation]
   465 | D        | Lost mutation: You have a pair of small horns on your head.
                  | [potion of mutation]
   465 | D        | Gained mutation: Your mind is acute. (Int +4, Str/Dex -1)
                  | [potion of mutation]
   465 | D        | Gained mutation: You have hidden genetic potential. [potion
                  | of mutation]
   466 | D        | Lost mutation: Your body sometimes deteriorates upon taking
                  | damage. [potion of mutation]
   466 | D        | Lost mutation: Your mind is acute. (Int +4, Str/Dex -1)
                  | [potion of mutation]
   466 | D        | Lost mutation: You have hidden genetic potential. [potion
                  | of mutation]
   466 | D        | Gained mutation: You occasionally lose the ability to read
                  | scrolls when taking damage. [potion of mutation]
   466 | D        | Gained mutation: Your magical capacity is low. (-10% MP)
                  | [potion of mutation]
   466 | D        | Gained mutation: You passively map a small area around you.
                  | [potion of mutation]
   466 | D        | Gained mutation: Your mind is acute. (Int +4, Str/Dex -1)
                  | [potion of mutation]
   467 | D        | Lost mutation: Your mind is acute. (Int +4, Str/Dex -1)
                  | [potion of mutation]
   467 | D        | Lost mutation: Your magical capacity is low. (-10% MP)
                  | [potion of mutation]
   467 | D        | Lost mutation: You occasionally lose the ability to read
                  | scrolls when taking damage. [potion of mutation]
   467 | D        | Gained mutation: You are dopey. (Int -2) [potion of
                  | mutation]
   467 | D        | Gained mutation: Your spells are a little harder to cast,
                  | but a little more powerful. [potion of mutation]
   467 | D        | Gained mutation: Your natural rate of healing is unusually
                  | fast. [potion of mutation]
   483 | D        | Killed a scorpion
   484 | D        | Reached skill level 1 in Transmutations
   484 | D        | Reached skill level 7 in Earth Magic
   484 | D        | Reached XP level 3. HP: 20/20 MP: 3/9
   484 | D        | Reached XP level 4. HP: 24/24 MP: 3/10
   488 | D        | Learned a level 3 spell: Stone Arrow
   493 | D        | Learned a level 4 spell: Petrify
   627 | D        | Noticed a water elemental
   630 | D        | Killed a water elemental
   631 | D        | Reached skill level 1 in Fighting
   631 | D        | Reached skill level 5 in Spellcasting
   631 | D        | Reached skill level 8 in Earth Magic
   631 | D        | Reached XP level 5. HP: 29/29 MP: 8/13
   714 | D        | Found a radiant altar of Vehumet.
   714 | D        | Found a shimmering blue altar of Sif Muna.
   714 | D        | Found an ancient bone altar of Kikubaaqudgha.
   716 | D        | Reached skill level 9 in Earth Magic
   729 | D        | Became a worshipper of Vehumet
   789 | D        | Found a basalt altar of Yredelemnul.
   789 | D        | Found a shadowy altar of Dithmenos.
   789 | D        | Found a sacrificial altar of Ru.
   795 | D        | Reached skill level 10 in Earth Magic
   795 | D        | Reached XP level 6. HP: 33/35 MP: 10/16
   840 | D        | Found a glowing silver altar of Zin.
   840 | D        | Found a glowing golden altar of the Shining One.
   840 | D        | Found a white marble altar of Elyvilon.
   840 | D        | Noticed a deep elf pyromancer
   844 | D        | Killed a deep elf pyromancer
   844 | D        | Reached * piety under Vehumet
   844 | D        | Offered knowledge of Foxfire by Vehumet.
   845 | D        | Reached skill level 12 in Earth Magic
   845 | D        | Reached XP level 7. HP: 19/40 MP: 13/20
   895 | D        | Learned a level 1 spell: Foxfire
   900 | D        | Found a hide-covered altar of Uskayaw.
   900 | D        | Found an iron altar of Okawaru.
   900 | D        | Found a bloodstained altar of Trog.
   900 | D        | Found an ornate altar of the Wu Jian Council.
   900 | D        | Noticed a human
   900 | D        | Noticed a human
   904 | D        | Killed a human
   905 | D        | Reached skill level 5 in Stealth
   905 | D        | Reached skill level 10 in Spellcasting
   905 | D        | Reached skill level 13 in Earth Magic
   906 | D        | Killed a human
   907 | D        | Reached XP level 8. HP: 43/46 MP: 15/22
   951 | D        | Noticed a shadow
   955 | D        | Killed a shadow
   955 | D        | Offered knowledge of Magic Dart by Vehumet.
   955 | D        | Reached ** piety under Vehumet
   958 | D        | Reached skill level 14 in Earth Magic
   965 | D        | Found a blossoming altar of Fedhas.
   965 | D        | Found a stormy altar of Qazlal.
   965 | D        | Found a snail-covered altar of Cheibriados.
   965 | D        | Found a burning altar of Makhleb.
   965 | D        | Found a shimmering altar of Xom.
   966 | D        | Found a hazy altar of Hepliaklqana.
   966 | D        | Found an opulent altar of Gozag.
   966 | D        | Found a sparkling altar of Nemelex Xobeh.
   966 | D        | Found a corrupted altar of Lugonu.
   966 | D        | Found a viscous altar of Jiyva.
  1073 | D        | Noticed Erica
  1081 | D        | Killed Erica
  1082 | D        | Reached skill level 15 in Earth Magic
  1082 | D        | Reached XP level 9. HP: 51/51 MP: 11/25
  1161 | D        | Offered knowledge of Inner Flame by Vehumet.
  1161 | D        | Reached *** piety under Vehumet
  1255 | D        | Learned a level 3 spell: Inner Flame
  1261 | D        | Noticed a centaur warrior
  1267 | D        | Shot with an arrow by a centaur warrior

Illustrated notes

Levels and vault maps discovered:
D:        dungeon_sprint_mu [sprint_mu_entry_cave, sprint_mu_temple_rooms,
          sprint_mu_d1_horrors, sprint_mu_d2_genie, sprint_mu_d3_branching,
          sprint_mu_orc_legion, sprint_mu_elf_gauntlet, sprint_mu_hive_nellie,
          sprint_mu_lair_fedhas, sprint_mu_vaults_butterflies,
          sprint_mu_slime_circle, sprint_mu_shoals_kraken,
          sprint_mu_snake_twists, sprint_mu_blade_basic, sprint_mu_crypt_lich,
          sprint_mu_tomb_spiral, sprint_mu_vestibule_basic,
          sprint_mu_gehenna_hellfire, sprint_mu_dis_giant,
          sprint_mu_tartarus_statrot, sprint_mu_cocytus_islands, sprint_mu_zot1]

Skill      XL: |  1  2  3  4  5  6  7  8 |
---------------+-------------------------+-----
Earth Magic    | 5 7 8 10 12 13 15 | 15.5
Stealth        | 3 4 5 |  5.4
Dodging        | 2 3 4 |  4.3
Spellcasting   | 3 4 5 7 9 10 12 | 12.3
Transmutations | 1 |  1.6
Fighting       | 1 2 3 |  3.6
Conjurations   | 2 |  2.3

Action                   |  1- 3 |  4- 6 |  7- 9 || total
-------------------------+-------+-------+-------++-------
 Cast: Sandblast         |    19 |    17 |    15 ||    51
       Passwall          |     1 |       |       ||     1
       Foxfire           |       |       |     2 ||     2
       Stone Arrow       |       |       |    10 ||    10
       Inner Flame       |       |       |     1 ||     1
  Use: Potion            |     8 |       |       ||     8
Armor: Robe              |       |     6 |     6 ||    12
Dodge: Dodged            |     6 |     7 |     9 ||    22

Table legend: (Time is in decaauts)
 A = Elapsed time spent in this place.
 B = Non-inter-level travel time spent in this place.
 C = Inter-level travel time spent in this place.
 D = Time resting spent in this place.
 E = Time spent auto-exploring this place.
 F = Levels seen in this place.
 G = Mean time per level.
                   A        B        C        D        E       F      G
               +--------+--------+--------+--------+--------+-----+--------+
         Total |   1281 |   1281 |      0 |    893 |     53 |   1 | 1281.0 |
       Dungeon |   1281 |   1281 |      0 |    893 |     53 |   1 | 1281.0 |
               +--------+--------+--------+--------+--------+-----+--------+

Top non-repeatable levels by time:
       D: 1281 daAuts
